[Event "Titled Tuesday Blitz November 29 Early 2022"]
[White "Manon-og, Ramon Jr."]
[Black "Cramling Bellon, Anna"]
[WhiteFideId "5200776"]
[BlackFideId "32009232"]
[WhiteElo "2330"]
[BlackElo "1972"]
[Result "1/2-1/2"]
[Round "11"]
[TimeControl "180+1"]
[Date "2022.11.30"]
[WhiteClock "0:00:40"]
[BlackClock "0:00:04"]

1. e4 c5 2. Nf3 e6 3. g3 Nc6 4. Bg2 d5 5. exd5 exd5 6. d4 Nf6 7. O-O cxd4 8. Nxd4 Be7 9. Nc3 O-O 10. Bg5 Nxd4 11. Qxd4 Be6 12. Rad1 h6 13. Bf4 Rc8 14. Qxa7 Qd7 15. Be5 Bc5 16. Qa4 Qxa4 17. Nxa4 Be7 18. c3 Rfd8 19. Nb6 Rc6 20. Bxf6 Bxf6 21. Nxd5 Bxd5 22. Rxd5 Ra8 23. a3 Rb6 24. Rd2 Re8 25. Rfd1 Rb3 26. Bd5 Rb5 27. a4 Rb6 28. Kf1 Ra8 29. Ra1 Kf8 30. Ke1 Re8+ 31. Kd1 Rd8 32. Kc2 Bg5 33. f4 Bf6 34. b3 Rbd6 35. Rad1 Rb6 36. Bc4 Rc8 37. Rd7 Rbc6 38. Rxf7+ Ke8 39. Re1+ Kd8 40. Rxb7 R6c7 41. Rd1+ Ke8 42. Bb5+ Kf8 43. Rxc7 Rxc7 44. a5 Rxc3+ 45. Kd2 Rxb3 46. Bd3 Ra3 47. a6 Ke7 48. Rb1 Kd6 49. Rb6+ Kc5 50. Rb7 Kd4 51. Rd7+ Kc5 52. a7 Kb6 53. Be4 Rxa7 54. Rxa7 Kxa7 55. Kd3 Kb6 56. Kc4 Kc7 57. Kd5 Kd7 58. Bg6 Ke7 59. h3 Bc3 60. g4 Bd2 61. Ke4 Bc1 62. h4 Bd2 63. h5 Bc1 64. Kf5 Bd2 65. g5 hxg5 66. fxg5 Kf8 67. Kg4 Be3 68. Bf5 Bd2 69. Be6 Be3 70. Kf5 Bd2 71. Kg6 Be3 72. Kf5 Bd2 73. g6 Bh6 74. Bf7 Bc1 75. Ke6 Bh6 76. Kd7 Bg5 77. Ke6 Bh6 78. Kf5 Bc1 79. Ke4 Bd2 80. Kf5 Bc1 1/2-1/2


[Site "https://www.chess.com"]

[Event "Titled Tuesday Blitz November 29 Early 2022"]
[White "Matveeva, Olga"]
[Black "Zaloznyy, Mike"]
[WhiteFideId "24107018"]
[BlackFideId "2023075"]
[WhiteElo "2055"]
[BlackElo "2126"]
[Result "1-0"]
[Round "11"]
[TimeControl "180+1"]
[Date "2022.11.30"]
[WhiteClock "0:00:11"]
[BlackClock "0:00:17"]

1. d4 Nf6 2. c4 e6 3. g3 d5 4. Nf3 a6 5. Nbd2 b6 6. Bg2 Bb7 7. cxd5 exd5 8. O-O Be7 9. Qa4+ b5 10. Qc2 Nbd7 11. Nb3 Ne4 12. Bf4 c5 13. dxc5 Ndxc5 14. Nxc5 Bxc5 15. Ng5 Rc8 16. Nxf7 Kxf7 17. Qb3 Nxf2 18. Rxf2 Bxf2+ 19. Kxf2 Qb6+ 20. Be3 Qf6+ 21. Kg1 Qe6 22. Rf1+ Ke8 23. Bd4 Rf8 24. Bxg7 Rxf1+ 25. Bxf1 Rc1 26. Bd4 Qe4 27. Bb6 d4 28. Qg8+ Kd7 29. Qf7+ Kc6 30. Qc7+ Kd5 31. Qxc1 Ke6 32. Qh6+ Kf7 33. Qf4+ Qxf4 34. gxf4 Ke6 35. Kf2 Kd5 36. Bg2+ Kc4 37. Bxb7 b4 38. Bxa6+ Kd5 39. e3 h6 40. exd4 h5 41. Kf3 Kd6 42. f5 Kc6 43. Ke4 Kd7 44. Bc4 Ke8 45. d5 b3 46. Ke5 bxa2 47. Bxa2 h4 48. Ke6 h3 49. f6 Kf8 50. Bc5+ Kg8 51. f7+ Kh8 52. f8=Q+ Kh7 53. Qf7+ Kh6 54. Qf6+ Kh5 55. Qg7 Kh4 56. Kf5 Kh5 57. Qg5# 1-0


[Site "https://www.chess.com"]

[Event "Titled Tuesday Blitz November 29 Early 2022"]
[White "Melian, Juan Sebastian"]
[Black "Zaksaite, Salomeja"]
[WhiteFideId "3706575"]
[BlackFideId "12801496"]
[WhiteElo "2044"]
[BlackElo "2079"]
[Result "1-0"]
[Round "11"]
[TimeControl "180+1"]
[Date "2022.11.30"]
[WhiteClock "0:00:12"]
[BlackClock "0:00:01"]

1. d4 Nf6 2. c4 g6 3. Nc3 d5 4. e4 dxe4 5. f3 exf3 6. Nxf3 Bg7 7. Bd3 O-O 8. Kf1 c5 9. d5 e6 10. Bg5 exd5 11. Nxd5 Be6 12. Qb3 Bxd5 13. Bxf6 Qxf6 14. cxd5 Nd7 15. Re1 Rfe8 16. Kf2 c4 17. Bxc4 Nc5 18. Qc2 Qxb2 19. Qxb2 Bxb2 20. Rxe8+ Rxe8 21. Rb1 Bf6 22. a4 Ne4+ 23. Kf1 Nd6 24. Bd3 Re3 25. Rd1 Kg7 26. Kf2 Re7 27. Rb1 b6 28. Rc1 Rd7 29. g4 h6 30. h4 Nb7 31. Bc4 Nc5 32. g5 hxg5 33. hxg5 Ne4+ 34. Kg2 Nxg5 35. Nh2 Ne4 36. Ng4 Nd6 37. Bd3 Bg5 38. Rf1 f5 39. Ne5 Rc7 40. Nf3 Bf6 41. Re1 Rc3 42. Bf1 Ne4 43. Rd1 Nd6 44. Bb5 Nxb5 45. axb5 Kf8 46. d6 Ke8 47. Nd2 Kd7 48. Nf1 Rc5 49. Ne3 Rxb5 50. Nd5 Rc5 51. Nxf6+ Kd8 52. Kf3 Rc6 53. Kf4 a5 54. Ke5 a4 55. Rh1 Rc5+ 56. Ke6 Kc8 57. Rh8+ Kb7 58. d7 1-0


[Site "https://www.chess.com"]

[Event "Titled Tuesday Blitz November 29 Early 2022"]
[White "Mikhalsky, Vladimir"]
[Black "Sadykov, Ramil"]
[WhiteFideId "14144352"]
[BlackFideId "24113590"]
[WhiteElo "2271"]
[BlackElo "2245"]
[Result "1-0"]
[Round "11"]
[TimeControl "180+1"]
[Date "2022.11.30"]
[WhiteClock "0:00:12"]
[BlackClock "0:00:01"]

1. d4 Nf6 2. c4 g6 3. f3 d5 4. cxd5 Nxd5 5. e4 Nb6 6. Nc3 Bg7 7. Be3 O-O 8. Qd2 Nc6 9. O-O-O f5 10. e5 f4 11. Bf2 Nb4 12. a3 N4d5 13. h4 Bf5 14. h5 Rc8 15. Nh3 Qd7 16. Nxf4 Nxf4 17. Qxf4 Bc2 18. Qh4 Bxd1 19. hxg6 h6 20. Nxd1 c5 21. dxc5 Rfd8 22. Bc4+ Nxc4 23. Qxc4+ e6 24. f4 b6 25. b4 bxc5 26. Bxc5 a5 27. f5 Bxe5 28. fxe6 Qd5 29. Qxd5 Rxd5 30. Kb1 axb4 31. axb4 Rd2 32. Ne3 Rb2+ 33. Kc1 Rxb4 34. e7 Rxc5+ 35. Kd2 Rb8 36. Ke2 Re8 37. Nf5 Bg7 38. g4 Rc6 39. Kf3 Rxg6 40. Rd1 Re6 41. Rd8 Rxe7 42. Nxe7+ 1-0


[Site "https://www.chess.com"]

[Event "Titled Tuesday Blitz November 29 Early 2022"]
[White "Mitrovic, Darko R"]
[Black "Dehtiarov, Roman"]
[WhiteFideId "927023"]
[BlackFideId "14186640"]
[WhiteElo "2150"]
[BlackElo "2200"]
[Result "0-1"]
[Round "11"]
[TimeControl "180+1"]
[Date "2022.11.30"]
[WhiteClock "0:00:05"]
[BlackClock "0:02:24"]

1. d4 Nf6 2. c4 e6 3. Nf3 Be7 4. g3 b6 5. Bg2 Ba6 6. b3 c6 7. O-O d5 8. Ne5 O-O 9. Nc3 h6 10. Bb2 Nfd7 11. cxd5 cxd5 12. Nxd7 Nxd7 13. Rc1 Nf6 14. Qd2 Bb7 15. Rfd1 Qd7 16. e3 Rac8 17. Bf1 Bb4 18. f3 Qe7 19. Bd3 e5 20. dxe5 Qxe5 21. Kf2 d4 22. exd4 Qxd4+ 23. Qe3 Qxe3+ 24. Kxe3 Bc5+ 25. Ke2 Rfe8+ 26. Ne4 Nxe4 27. fxe4 Bxe4 28. Bxe4 Rxe4+ 29. Kf3 Re3+ 30. Kg4 Rce8 31. Rc4 Re2 32. Bd4 R8e4+ 33. Kf3 g5 34. Bxc5 g4# 0-1


[Site "https://www.chess.com"]

[Event "Titled Tuesday Blitz November 29 Early 2022"]
[White "Mogirzan, Matei-Valeriu"]
[Black "Prohorov, Olexandr"]
[WhiteFideId "1257455"]
[BlackFideId "14105578"]
[WhiteElo "1733"]
[BlackElo "1993"]
[Result "1-0"]
[Round "11"]
[TimeControl "180+1"]
[Date "2022.11.30"]
[WhiteClock "0:01:47"]
[BlackClock "0:02:32"]

1. e4 c5 2. Nf3 e6 3. d4 cxd4 4. Nxd4 Qb6 5. Nb3 Nf6 6. Be3 Qc7 7. Bd3 Bb4+ 8. c3 d5 9. cxb4 dxe4 10. Bb5+ Bd7 11. Bxd7+ Nbxd7 12. Nc3 O-O 13. O-O Ne5 14. Nb5 Qe7 15. Bc5 1-0


[Site "https://www.chess.com"]

[Event "Titled Tuesday Blitz November 29 Early 2022"]
[White "Mohammed, Dilshad"]
[Black "Estrada Nieto, Julian"]
[WhiteFideId "5050421"]
[BlackFideId "5101018"]
[WhiteElo "2102"]
[BlackElo "2221"]
[Result "0-1"]
[Round "11"]
[TimeControl "180+1"]
[Date "2022.11.30"]
[WhiteClock "0:01:46"]
[BlackClock "0:00:49"]

1. Nf3 d5 2. d4 Nf6 3. e3 c5 4. Bd3 Nc6 5. c3 Bg4 6. h3 Bxf3 7. Qxf3 e6 8. Qd1 Bd6 9. Nd2 O-O 10. Nf3 c4 11. Bc2 b5 12. a3 a5 13. O-O Qc7 14. Qe2 b4 15. e4 b3 16. Bb1 Bf4 17. e5 Bxc1 18. exf6 Bh6 19. fxg7 Kxg7 20. Ne5 Nxe5 21. dxe5 f5 22. exf6+ Rxf6 23. Qg4+ Kh8 24. Re1 Rg8 25. Qh4 Qg7 26. g3 Bg5 27. Qh5 Bd2 28. Re2 Rxf2 29. Rxf2 Qxg3+ 30. Kf1 Qg1+ 31. Ke2 Qe1+ 32. Kf3 Rf8+ 33. Kg4 Qg1+ 34. Kh4 Qxf2+ 0-1


[Site "https://www.chess.com"]

[Event "Titled Tuesday Blitz November 29 Early 2022"]
[White "Mohammed, Zozek Salah Mohammed"]
[Black "Sanchez, Robert"]
[WhiteFideId "4803361"]
[BlackFideId "2034360"]
[WhiteElo "2199"]
[BlackElo "2334"]
[Result "1-0"]
[Round "11"]
[TimeControl "180+1"]
[Date "2022.11.30"]
[WhiteClock "0:00:08"]
[BlackClock "0:00:01"]

1. d4 Nf6 2. c4 e6 3. Nf3 Bb4+ 4. Bd2 a5 5. g3 O-O 6. Bg2 d6 7. O-O Bxd2 8. Nbxd2 Nbd7 9. e4 e5 10. d5 Nc5 11. Ne1 Ng4 12. h3 Nh6 13. Qc2 f5 14. Nd3 Nxd3 15. Qxd3 f4 16. g4 Nf7 17. f3 Bd7 18. Qe2 Qe8 19. Qf2 b6 20. h4 g5 21. h5 Qc8 22. Qe2 c6 23. Rac1 Qa6 24. Kh2 Rac8 25. Qf2 c5 26. Nb1 b5 27. Na3 b4 28. Nb1 a4 29. Nd2 h6 30. Ra1 Qb6 31. b3 Ra8 32. Rfb1 Qc7 33. Qe1 Ra5 34. Qd1 Rfa8 35. Qc1 R8a6 36. Qb2 Qa7 37. bxa4 Rxa4 38. a3 Rxa3 39. Rxa3 Rxa3 40. Nb3 Qa4 41. Kh3 Nd8 42. Nxc5 dxc5 43. Qxe5 Nf7 44. Qe7 Qa7 45. Qf6 Qc7 46. Qg6+ Kf8 47. Re1 Qc8 48. e5 Bxg4+ 49. Kh2 Qf5 50. Qb6 Nxe5 51. Qxc5+ Kf7 52. Qxb4 Ra2 53. Qb7+ Nd7 54. Kg1 Bh3 55. d6 Rxg2+ 56. Kh1 Rd2 57. Re7+ 1-0


[Site "https://www.chess.com"]

[Event "Titled Tuesday Blitz November 29 Early 2022"]
[White "Nguyen, Thai Dai Van"]
[Black "Aloma Vidal, Robert"]
[WhiteFideId "358878"]
[BlackFideId "2260409"]
[WhiteElo "2534"]
[BlackElo "2435"]
[Result "0-1"]
[Round "11"]
[TimeControl "180+1"]
[Date "2022.11.29"]
[WhiteClock "0:00:27"]
[BlackClock "0:00:09"]

1. e4 e5 2. Nf3 Nf6 3. Nxe5 d6 4. Nf3 Nxe4 5. Nc3 Nf6 6. d4 g6 7. Bg5 Bg7 8. Qd2 h6 9. Be3 Nc6 10. O-O-O a6 11. h3 b5 12. g4 Bb7 13. Bg2 Ne7 14. Rhe1 Qd7 15. Ne5 Bxg2 16. Nxd7 Kxd7 17. Kb1 Bf3 18. Rc1 h5 19. g5 Nfd5 20. Nxd5 Nxd5 21. h4 Rhe8 22. Qd3 Rab8 23. Bd2 Bg4 24. Rxe8 Rxe8 25. Re1 Rxe1+ 26. Bxe1 Bf5 27. Qd1 Nf4 28. f3 Nd5 29. a3 Ne3 30. Qd2 Nxc2 31. Ka2 Nxd4 32. Bf2 Be6+ 33. Kb1 Bf5+ 34. Ka2 Be6+ 35. Kb1 Nxf3 36. Qf4 Ne5 37. Bg3 Bf5+ 38. Ka2 Nd3 39. Qd2 Nxb2 40. Qa5 Be6+ 41. Kb1 Bf5+ 42. Ka2 Be6+ 43. Kb1 Nd3 44. Qxa6 Bc4 45. Qa7 Nc5 46. Bf2 Na4 47. Bd4 Be5 48. Bxe5 dxe5 49. Qe3 Ke6 50. Kc2 c5 51. Qf3 Kd6 52. Qf6+ Be6 53. Qd8+ Kc6 54. Qe8+ Kb6 55. Qb8+ Kc6 56. Qxe5 Nb6 57. Qb8 Nc4 58. Kd3 Bf5+ 59. Ke2 Be6 60. Qa8+ Kb6 61. Kf3 Ne5+ 62. Kf4 Nd3+ 63. Ke3 Nb2 64. Qb8+ Kc6 65. Qe8+ Kb6 66. Qb8+ Kc6 67. Qa8+ Kb6 68. Ke4 Nc4 69. Qb8+ Kc6 70. Qa8+ Kb6 71. Kf4 Kc7 72. Qa6 Bd7 73. Qa7+ Kc6 74. a4 Nd6 75. Qa6+ Kd5 76. a5 b4 77. Qa8+ Bc6 78. Qh8 b3 79. a6 Nc4 80. a7 b2 81. Qd8+ Ke6 82. Qc8+ Kd5 83. Qxc6+ Kxc6 84. a8=Q+ Kd6 85. Qf8+ Kc6 86. Qa8+ Kb5 87. Qa2 Kb4 88. Qb1 Kc3 89. Qe1+ Nd2 90. Qe3+ Kc2 91. Qxc5+ Kd1 92. Qg1+ Kc2 93. Qc5+ Kd1 94. Qg1+ Kc2 95. Ke5 b1=Q 96. Qxb1+ Kxb1 97. Kf6 Nf3 98. Kxf7 Nxh4 99. Kf6 Kc2 100. Ke5 Kd3 101. Kf4 Kd4 102. Kg3 Nf5+ 103. Kh3 Ke4 0-1


[Site "https://www.chess.com"]

[Event "Titled Tuesday Blitz November 29 Early 2022"]
[White "Nugumanov, Bakhtiyar"]
[Black "Vysochin, Spartak"]
[WhiteFideId "13701797"]
[BlackFideId "14103516"]
[WhiteElo "2287"]
[BlackElo "2412"]
[Result "1-0"]
[Round "11"]
[TimeControl "180+1"]
[Date "2022.11.30"]
[WhiteClock "0:00:34"]
[BlackClock "0:01:10"]

1. e4 c5 2. Nf3 d6 3. d4 cxd4 4. Nxd4 g6 5. Be3 Bg7 6. c4 Nf6 7. Nc3 O-O 8. Be2 Nc6 9. O-O Bd7 10. Rc1 Rc8 11. f4 Nxd4 12. Bxd4 a6 13. Bf3 Bc6 14. Qd3 e5 15. Be3 exf4 16. Bxf4 Re8 17. Bxd6 Nxe4 18. Nxe4 Bxe4 19. Bxe4 Rxe4 20. Qxe4 Qxd6 21. Qxb7 Qd4+ 22. Kh1 Rf8 23. b4 Qd6 24. c5 Qe6 25. c6 Qxa2 26. c7 Qb3 27. c8=Q Rxc8 28. Rxc8+ Bf8 29. Qb8 1-0


[Site "https://www.chess.com"]

[Event "Titled Tuesday Blitz November 29 Early 2022"]
[White "Odegov, Artem"]
[Black "Papasimakopoulos, Alexandros"]
[WhiteFideId "34183644"]
[BlackFideId "4244125"]
[WhiteElo "2298"]
[BlackElo "2365"]
[Result "0-1"]
[Round "11"]
[TimeControl "180+1"]
[Date "2022.11.29"]
[WhiteClock "0:00:14"]
[BlackClock "0:00:59"]

1. d4 c5 2. d5 g6 3. c4 Bg7 4. Nc3 Nf6 5. e4 d6 6. f4 O-O 7. Nf3 Bg4 8. Be2 e6 9. O-O exd5 10. cxd5 a6 11. a4 Re8 12. Nd2 Bxe2 13. Qxe2 Nxe4 14. Ndxe4 f5 15. Qc2 Bd4+ 16. Nf2 Nd7 17. Ne2 Bg7 18. Ra3 Nf6 19. Re3 b5 20. axb5 axb5 21. Ng3 Rxe3 22. Bxe3 Nxd5 23. Bc1 Nb4 24. Qb3+ d5 25. Nd3 Nxd3 26. Qxd3 c4 27. Qf3 d4 28. Qc6 Rb8 29. Bd2 Kh8 30. Kh1 Qe8 31. Qa6 c3 32. bxc3 dxc3 33. Bc1 b4 34. Qc4 b3 35. Ne2 b2 36. Nxc3 bxc1=Q 37. Rxc1 Rc8 38. Qe2 Bxc3 0-1


[Site "https://www.chess.com"]

[Event "Titled Tuesday Blitz November 29 Early 2022"]
[White "Oparin, Grigoriy"]
[Black "Pakleza, Zbigniew"]
[WhiteFideId "24125890"]
[BlackFideId "1119290"]
[WhiteElo "2639"]
[BlackElo "2411"]
[Result "1-0"]
[Round "11"]
[TimeControl "180+1"]
[Date "2022.11.29"]
[WhiteClock "0:00:27"]
[BlackClock "0:00:04"]

1. e4 d6 2. d4 Nf6 3. Bd3 e5 4. c3 d5 5. exd5 exd4 6. cxd4 Bb4+ 7. Nc3 O-O 8. Ne2 Nxd5 9. O-O h6 10. Qb3 Nxc3 11. bxc3 Bd6 12. Ng3 Nc6 13. Ne4 Be6 14. Qxb7 Bd5 15. Nxd6 Qxd6 16. Qb1 Na5 17. Re1 Qc6 18. Re5 Nc4 19. Bxc4 Qxc4 20. Qb4 Rfe8 21. Qxc4 Bxc4 22. Ba3 Rxe5 23. dxe5 Rd8 24. Bc5 a6 25. Bd4 Rd5 26. a3 c5 27. Be3 Rxe5 28. Rb1 Bb5 29. Rd1 c4 30. Rd6 Re6 31. Rd5 g5 32. h4 f6 33. Rc5 Kf7 34. h5 Rd6 35. Bd4 Ke6 36. f3 Rc6 37. Rxc6+ Bxc6 38. Kf2 Kf7 39. Ke3 f5 40. Be5 f4+ 41. Kd4 Bb5 42. Kc5 Ke6 43. Bg7 Kf5 44. Bxh6 Be8 45. Kxc4 Bxh5 46. Kd5 g4 47. fxg4+ Bxg4 48. c4 f3 49. gxf3 Bxf3+ 50. Kd6 Ke4 51. c5 Kd4 52. c6 Kc4 53. c7 Bg4 54. Kc6 Bc8 55. Bf8 a5 56. Kb6 a4 57. Ka7 Kb5 58. Kb8 Bf5 59. Kb7 Be4+ 60. Kb8 Bf5 61. c8=Q Bxc8 62. Kxc8 Ka6 63. Kb8 Kb6 64. Bg7 Ka6 65. Bd4 Kb5 66. Kb7 Ka5 67. Bc3+ Kb5 68. Be1 1-0


[Site "https://www.chess.com"]

[Event "Titled Tuesday Blitz November 29 Early 2022"]
[White "Osinovsky, Stepan"]
[Black "Maksimenko, Viktor"]
[WhiteFideId "4157354"]
[BlackFideId "13710478"]
[WhiteElo "2222"]
[BlackElo "2277"]
[Result "0-1"]
[Round "11"]
[TimeControl "180+1"]
[Date "2022.11.30"]
[WhiteClock "0:00:02"]
[BlackClock "0:01:05"]

1. Nf3 g5 2. g3 g4 3. Ne5 d6 4. Nd3 Bg7 5. h3 h5 6. hxg4 hxg4 7. Rxh8 Bxh8 8. c4 Bf5 9. Nc3 Bxd3 10. exd3 f5 11. Bg2 Nc6 12. b4 Qc8 13. Qa4 Qd7 14. b5 Ne5 15. Bxb7 Rb8 16. Qxa7 Nxd3+ 17. Kf1 Qd8 18. Bc6+ Kf8 19. Qe3 Ne5 20. Nd5 Nxc6 21. bxc6 Bxa1 22. Nf4 Qc8 23. d4 e5 24. Ng6+ Kf7 25. Qg5 Nf6 26. Nh4 Qg8 27. Qxf5 Bxd4 28. Bg5 Qg7 29. a4 Rf8 30. a5 Kg8 31. Ng6 Rf7 32. a6 Nh7 33. Qc8+ Nf8 34. Ne7+ Rxe7 0-1


[Site "https://www.chess.com"]

[Event "Titled Tuesday Blitz November 29 Early 2022"]
[White "Palacio,Igor Da Paz"]
[Black "Lehtosaari, Mauri"]
[WhiteFideId "2121140"]
[BlackFideId "501999"]
[WhiteElo "2126"]
[BlackElo "2461"]
[Result "0-1"]
[Round "11"]
[TimeControl "180+1"]
[Date "2022.11.30"]
[WhiteClock "0:00:02"]
[BlackClock "0:00:15"]

1. e4 c5 2. Nc3 e6 3. g3 Nc6 4. Bg2 d6 5. d3 Nf6 6. f4 g6 7. Nf3 Bg7 8. O-O O-O 9. h3 Rb8 10. a3 b5 11. Rb1 Nd7 12. Be3 b4 13. axb4 Rxb4 14. g4 Nd4 15. Bd2 Rb8 16. Nxd4 cxd4 17. Ne2 f5 18. exf5 exf5 19. gxf5 Rxf5 20. Ng3 Rf8 21. f5 Bb7 22. fxg6 hxg6 23. Qg4 Ne5 24. Qe6+ Kh7 25. Bxb7 Rxb7 26. Ne4 Qh4 27. Bg5 Qh5 28. Rxf8 Nf3+ 29. Kg2 Nxg5 30. Nxg5+ Qxg5+ 31. Qg4 Qxg4+ 32. hxg4 Bxf8 33. b3 Kg7 34. Kf3 d5 35. Kf4 Bd6+ 36. Kg5 Re7 0-1


[Site "https://www.chess.com"]

[Event "Titled Tuesday Blitz November 29 Early 2022"]
[White "Paravyan, David"]
[Black "Chigaev, Maksim"]
[WhiteFideId "4194985"]
[BlackFideId "4108116"]
[WhiteElo "2546"]
[BlackElo "2541"]
[Result "1-0"]
[Round "11"]
[TimeControl "180+1"]
[Date "2022.11.29"]
[WhiteClock "0:00:04"]
[BlackClock "0:00:04"]

1. e4 c5 2. Nf3 e6 3. d4 cxd4 4. Nxd4 Nf6 5. Nc3 Nc6 6. Nxc6 bxc6 7. e5 Nd5 8. Ne4 Bb7 9. c4 Nb4 10. Bg5 Qb8 11. Nd6+ Bxd6 12. exd6 c5 13. Be3 Qc8 14. a3 Na6 15. Qg4 Qc6 16. Qxg7 O-O-O 17. b4 Qxd6 18. b5 Nc7 19. Qg3 e5 20. f3 Ne6 21. Qf2 Nd4 22. O-O-O Qe6 23. Bd3 Kb8 24. Rhe1 d6 25. f4 Rhe8 26. Kb2 h6 27. a4 Qf6 28. fxe5 Qxf2+ 29. Bxf2 dxe5 30. Bg3 f6 31. Rf1 Rd6 32. Rde1 Kc8 33. Rf2 Kd8 34. Kc3 Ke7 35. a5 a6 36. b6 Nc6 37. Bg6 Rg8 38. Be4 Nxa5 39. Bxb7 Nxb7 40. Bh4 Rxb6 41. Rxe5+ Kf7 42. Ref5 Rg6 43. g3 Nd6 44. Rxf6+ Rxf6 45. Rxf6+ Kg7 46. Rf4 a5 47. Bd8 Ra6 48. Be7 Nb7 49. Bf8+ Kh7 50. Rf5 Kg8 51. Bxc5 a4 52. Bd4 a3 53. Rf1 Nd8 54. Kb3 Nc6 55. Bc3 a2 56. Ra1 Rb6+ 57. Kc2 Kf7 58. Rxa2 Ke6 59. Ra8 Rb7 60. Rh8 Kf5 61. Rxh6 Rc7 62. Rh5+ Ke4 63. Rc5 Rc8 64. h4 Kf3 65. h5 1-0


[Site "https://www.chess.com"]

[Event "Titled Tuesday Blitz November 29 Early 2022"]
[White "Petrova, Irina"]
[Black "Malka, Samuel"]
[WhiteFideId "14124122"]
[BlackFideId "20643675"]
[WhiteElo "2023"]
[BlackElo "2459"]
[Result "1-0"]
[Round "11"]
[TimeControl "180+1"]
[Date "2022.11.30"]
[WhiteClock "0:00:08"]
[BlackClock "0:00:02"]

1. e4 e5 2. Nf3 Nc6 3. Bb5 a6 4. Ba4 Nf6 5. d3 d6 6. c4 Be7 7. Nc3 O-O 8. Bg5 Nd7 9. Bxe7 Nxe7 10. Nd5 c6 11. Nxe7+ Qxe7 12. O-O Nc5 13. Bc2 Bg4 14. d4 Bxf3 15. gxf3 Ne6 16. Kh1 Nxd4 17. f4 Nxc2 18. Qxc2 exf4 19. f3 Rad8 20. Rg1 Qe5 21. Rg2 g6 22. Rd1 f5 23. exf5 Qxf5 24. Qc3 Qe5 25. Qb3 Rf7 26. Rdg1 Qe3 27. Qd1 Re7 28. h3 Re5 29. Kh2 d5 30. Qc2 Rd6 31. cxd5 Rexd5 32. Re2 Rd2 33. Qc4+ R6d5 34. Rxd2 Qxd2+ 35. Rg2 Qd4 36. Qe2 Qe3 37. Qc4 Kg7 38. Qb4 a5 39. Qxb7+ Kh6 40. Qf7 Rd2 41. Qf8+ Kh5 42. Qg7 Rxg2+ 43. Kxg2 Qe2+ 44. Kg1 Qe1+ 45. Kg2 Qg3+ 46. Kf1 Qxf3+ 47. Ke1 Qe3+ 48. Kd1 Qd3+ 49. Kc1 Qe3+ 50. Kd1 Kh4 51. Qxh7+ Kg3 52. Qxg6+ Kf2 53. Qc2+ Kg3 54. Qg6+ Kf2 55. Qc2+ Kg1 56. Qg6+ Kh2 57. Qc2+ Kxh3 58. Qxc6 1-0


[Site "https://www.chess.com"]

[Event "Titled Tuesday Blitz November 29 Early 2022"]
[White "Przybylski, Wojciech"]
[Black "Figorito, Nick"]
[WhiteFideId "1117599"]
[BlackFideId "30923689"]
[WhiteElo "2221"]
[BlackElo "2370"]
[Result "1-0"]
[Round "11"]
[TimeControl "180+1"]
[Date "2022.11.30"]
[WhiteClock "0:00:39"]
[BlackClock "0:00:20"]

1. e4 e6 2. d4 d5 3. Nc3 Bb4 4. a3 Bxc3+ 5. bxc3 dxe4 6. Qg4 Nf6 7. Qxg7 Rg8 8. Qh6 Rg6 9. Qe3 c5 10. dxc5 Qa5 11. Bd2 Na6 12. Rb1 Qxc5 13. Ne2 Qxa3 14. Nf4 Qa2 15. Rd1 Nd5 16. Qd4 Rg8 17. Bc4 Qxc2 18. Bb5+ Kf8 19. Nxd5 exd5 20. Bh6+ Ke7 21. Bxa6 bxa6 22. Qc5+ Ke8 23. Qc6+ Ke7 24. Qxa8 Qxc3+ 25. Bd2 Qc4 26. Qxa7+ Ke8 27. Rc1 1-0


[Site "https://www.chess.com"]

[Event "Titled Tuesday Blitz November 29 Early 2022"]
[White "Putnam, Liam"]
[Black "Fawzy, Adham"]
[WhiteFideId "30938279"]
[BlackFideId "10613129"]
[WhiteElo "2082"]
[BlackElo "2541"]
[Result "1-0"]
[Round "11"]
[TimeControl "180+1"]
[Date "2022.11.30"]
[WhiteClock "0:00:09"]
[BlackClock "0:00:13"]

1. e4 c5 2. Nc3 d6 3. f4 g6 4. Nf3 Bg7 5. Bc4 Nc6 6. d3 e6 7. a3 Nge7 8. Ba2 O-O 9. O-O Bd7 10. Qe1 Nd4 11. Nxd4 cxd4 12. Ne2 Rc8 13. Bb3 d5 14. e5 Nf5 15. Rf3 f6 16. g4 Ne3 17. Bxe3 dxe3 18. d4 fxe5 19. dxe5 Bxe5 20. Rxe3 Bxf4 21. Nxf4 Rxf4 22. h3 Qb6 23. Kh2 Rcf8 24. Qg3 Rf2+ 25. Kh1 d4 26. Re4 Bc6 27. Bxe6+ Kg7 28. Qe5+ R2f6 29. Bd5 Re8 30. Qxd4 Rxe4 31. Qxe4 Qxb2 32. Qe7+ Kh6 33. g5+ Kxg5 34. Qe3+ Rf4 35. Rg1+ Kf5 36. Qe6# 1-0


[Site "https://www.chess.com"]

[Event "Titled Tuesday Blitz November 29 Early 2022"]
[White "Rangel, Daniel"]
[Black "Donskov, Anatoly"]
[WhiteFideId "2124475"]
[BlackFideId "24143413"]
[WhiteElo "2225"]
[BlackElo "2219"]
[Result "1-0"]
[Round "11"]
[TimeControl "180+1"]
[Date "2022.11.30"]
[WhiteClock "0:00:04"]
[BlackClock "0:00:01"]

1. d4 d5 2. c4 dxc4 3. e3 Nf6 4. Bxc4 e6 5. Nf3 c5 6. O-O a6 7. a3 b5 8. Ba2 Bb7 9. dxc5 Qxd1 10. Rxd1 Bxc5 11. b4 Bb6 12. Bb2 Nbd7 13. Nbd2 Ke7 14. Bd4 Rac8 15. Nb3 Bxd4 16. Nfxd4 Ne4 17. Na5 Ba8 18. f3 Nc3 19. Rd2 Nxa2 20. Raxa2 Rc1+ 21. Kf2 Rhc8 22. Rac2 Ne5 23. e4 g5 24. Rxc8 Rxc8 25. Rc2 Rxc2+ 26. Nxc2 f5 27. exf5 exf5 28. Nd4 f4 29. Ndb3 Nd7 30. Ke2 Kd6 31. Kd3 Ke5 32. Nd4 h5 33. Ndc6+ Kd6 34. Nd8 g4 35. fxg4 hxg4 36. g3 Ne5+ 37. Ke2 f3+ 38. Ke3 Ke7 39. Ndb7 Nc4+ 40. Nxc4 bxc4 41. Nc5 c3 42. Nd3 Kd6 43. Nf2 Kd5 44. Kd3 c2 45. Kxc2 Kd4 46. Nxg4 Be4+ 47. Kd2 Bf5 48. Nf2 Be6 49. g4 Ke5 50. Ke3 Bd5 51. h4 Kf6 52. Kf4 Bc6 53. g5+ Kg6 54. Kg4 Bd5 55. h5+ Kg7 56. Kf5 Bc6 57. Kf4 Bd5 58. a4 Bc6 59. a5 Bd5 60. Kg4 Bc6 61. Kf5 Bb5 62. h6+ Kh7 63. Kf6 Be8 64. Ng4 Bg6 65. Nf2 Be8 66. Ng4 Bg6 67. b5 1-0


[Site "https://www.chess.com"]

[Event "Titled Tuesday Blitz November 29 Early 2022"]
[White "Riehle, Marco"]
[Black "Buksa, Nataliya"]
[WhiteFideId "12904392"]
[BlackFideId "14123622"]
[WhiteElo "2462"]
[BlackElo "2313"]
[Result "0-1"]
[Round "11"]
[TimeControl "180+1"]
[Date "2022.11.29"]
[WhiteClock "0:00:36"]
[BlackClock "0:00:11"]

1. e4 c5 2. a3 e5 3. Nc3 Nc6 4. Bc4 Nf6 5. d3 Be7 6. f4 d6 7. Nf3 exf4 8. Bxf4 O-O 9. O-O Bg4 10. h3 Be6 11. Nd5 Bxd5 12. exd5 Nd4 13. Nxd4 cxd4 14. Qf3 a6 15. b4 b5 16. Bb3 h6 17. a4 Kh7 18. Rae1 Ra7 19. Bc1 bxa4 20. Bxa4 Qb6 21. Qf5+ Kg8 22. Bd2 Nh7 23. Bd7 Bg5 24. Re8 Nf6 25. Rxf8+ Kxf8 26. Bxg5 hxg5 27. Bc6 Re7 28. Qxg5 Qxb4 29. Qh4 Kg8 30. Kh2 Re5 31. Qg3 Kf8 32. Qh4 Kg8 33. Qg3 Kf8 34. Qf4 a5 35. Ra1 Nh5 36. Qh4 g6 37. Ra4 Qd2 38. Rxd4 Kg7 39. Rg4 Rf5 40. Bd7 Rxd5 41. Qe7 Re5 42. Qxd6 Qe2 43. Bc6 Rf5 44. Qd4+ Nf6 45. Be4 Rf1 46. c4 Qf2 47. Qxf2 Nxg4+ 48. hxg4 Rxf2 49. Kg3 Rc2 50. Bd5 a4 51. d4 a3 52. c5 a2 53. Bxa2 Rxa2 54. Kf4 Kf6 55. Ke4 Ke6 56. d5+ Ke7 57. Ke5 Re2+ 58. Kd4 Rxg2 59. Kc4 Rxg4+ 60. Kb5 Rg1 61. Kc6 Rd1 62. d6+ Kd8 63. Kb7 Kd7 64. Kb6 Rxd6+ 65. cxd6 Kxd6 66. Kb5 Ke5 67. Kc4 g5 68. Kd3 f5 69. Ke2 g4 70. Kf1 Kf4 71. Kf2 g3+ 72. Kg2 Kg4 73. Kg1 f4 74. Kg2 f3+ 75. Kg1 Kh3 76. Kh1 Kg4 77. Kg1 Kf4 78. Kf1 Ke3 79. Kg1 Ke2 80. Kh1 g2+ 0-1


[Site "https://www.chess.com"]